 Dungeon Crawl Stone Soup version 0.31.0-11-ge490571c62 (webtiles) character file.

Game seed: 16402589852151012069

90 Ashen the Trooper (level 4, -1/41 HPs)
             Began as a Hill Orc Monk on Feb 1, 2024.
             Slain by a centaur (6 damage)
             ... on level 6 of the Dungeon.
             The game lasted 00:06:13 (2158 turns).

Ashen the Trooper (Hill Orc Monk)                   Turns: 2158, Time: 00:06:14

Health: -1/41      AC:  2    Str: 13    XL:     4   Next: 56%
Magic:  4/4        EV: 13    Int: 10    God:
Gold:   76         SH:  0    Dex: 15    Spells: 3/3 levels left

rFire   . . .        a - +0 spear
rCold   . . .        d - orb {light}
rNeg    . . .        b - +0 robe
rPois   .            (no helmet)
rElec   .            (no cloak)
rCorr   .            (no gloves)
SInv    .            (no boots)
Will    .....        (no amulet)
Stlth   +            (no ring)
HPRegen 0.26/turn    (no ring)
MPRegen 0.09/turn

%: no passive effects
@: glowing
A: no striking features
a: no special abilities


You were on level 6 of the Dungeon.
You visited 1 branch of the dungeon, and saw 4 of its levels.

You collected 76 gold pieces.

Inventory:

Hand Weapons
 a - a +0 spear (weapon)
Armour
 b - a +0 robe (worn)
 d - an orb of light (worn)
Jewellery
 e - an amulet of regeneration
Scrolls
 f - a scroll of poison {unknown}
 g - a scroll of identify {unknown}
 j - a scroll of butterflies {unknown}
Potions
 c - a potion of ambrosia
 h - a potion of invisibility {unknown}
 i - a potion of enlightenment {unknown}
 k - a potion of curing {unknown}


   Skills:
 + Level 4.6 Fighting
 + Level 4.2 Polearms
 + Level 0.8 Armour
 + Level 3.1 Dodging


You had 3 spell levels left.
You didn't know any spells.
Your spell library was empty.

Dungeon Overview and Level Annotations

Branches:
Dungeon (3/15)

Altars:

Shops:
D:6 (


Message History

The centaur is lightly wounded.
The centaur unwields a +0 orcbow.
The centaur misses you.
The centaur kicks you but does no damage.
You hit the centaur but do no damage.
The centaur is lightly wounded.
The centaur hits you. The centaur kicks you.
You hit the centaur but do no damage.
The centaur is lightly wounded.
The centaur closely misses you. The centaur kicks you. The centaur hits you.
The centaur closely misses you.
You barely miss the centaur.
The centaur is lightly wounded.
The centaur closely misses you. The centaur kicks you.
You hit the centaur.
The centaur is moderately wounded.
The centaur closely misses you. x2
You hit the centaur.
The centaur is heavily wounded.
The centaur barely misses you.
The centaur kicks you but does no damage.
The centaur hits you. The centaur closely misses you.
You hit the centaur.
The centaur is heavily wounded.
The centaur hits you.
* * * LOW HITPOINT WARNING * * *
The centaur barely misses you.
You hit the centaur but do no damage.
The centaur is heavily wounded.
The centaur misses you. The centaur kicks you.
* * * LOW HITPOINT WARNING * * *
You hit the centaur.
The centaur is severely wounded.
The centaur hits you.
* * * LOW HITPOINT WARNING * * *
The centaur kicks you but does no damage.
The centaur barely misses you. x2
You hit the centaur but do no damage.
The centaur is severely wounded.
The centaur hits you.
You die...

.c.# ... ###.. ....
#..## #..##
####..######
#.@c.......#
##..........#
#............#
#...#..........#
#.≈≈≈≈≈........#
#....∩≈####.>..########
##≈≈≈≈≈# ####...#....#
####### ###......#
####....#


You could see a centaur.

Vanquished Creatures
  An iguana (D:6)
  A shadow imp (D:6)
  2 ribbon worms (D:2)
  3 dart slugs
  4 bats
  4 endoplasms
  2 giant cockroaches
  5 hobgoblins
  7 kobolds
  A quokka (D:1)
  3 ball pythons
  2 frilled lizards
  4 goblins
  3 rats (D:2)
42 creatures vanquished.

Notes
Turn   | Place    | Note
-------+----------+-------------------------------------------
     0 | D:1      | Ashen the Hill Orc Monk began the quest for the Orb.
     0 | D:1      | Reached XP level 1. HP: 19/19 MP: 1/1
   167 | D:1      | Reached XP level 2. HP: 27/27 MP: 2/2
   395 | D:1      | Found a faded altar of an unknown god.
   564 | D:1      | Reached XP level 3. HP: 31/33 MP: 3/3
  1948 | D:3      | You fall into a shaft and drop 3 floors!
  1966 | D:6      | Reached XP level 4. HP: 9/41 MP: 4/4
  2137 | D:6      | Found Ihetemu's Antique Weapon Shop.
  2141 | D:6      | Noticed a centaur
  2158 | D:6      | Slain by a centaur

Illustrated notes

Levels and vault maps discovered:
D:1:      eino_arrival_cavern_d, layout_loops_corners, basic_ecumenical_altar,
          minmay_tromino_v2
D:2:      layout_rooms
D:3:      layout_rooms
D:6:      layout_basic, gammafunk_temple_overflow_statue, serial_shops,
          nicolae_shop_statue_plus, shop, nicolae_shop_tiny_statue_garden,
          nicolae_shop_peninsula, gammafunk_ghost_abyssal_escape

Skill      XL: |  1  2  3 |
---------------+----------+-----
Fighting       | 4 |  4.6
Polearms       | 4 |  4.2
Dodging        | 3 |  3.1
Armour         | |  0.8

Action                     |  1- 3 |  4- 6 || total
---------------------------+-------+-------++-------
  Melee: Spear             |   172 |    32 ||   204
 Armour: Robe              |    57 |    21 ||    78
  Dodge: Dodged            |    88 |    24 ||   112
